 Dungeon Crawl Stone Soup version 0.31-a0-1574-g5526595cd0 (webtiles) character file.

Game seed: 6835217122010020685

3722 PlayingRandomsOnly the Severer (level 9, -3/74 HPs)
             Began as a Minotaur Gladiator on Jan 4, 2024.
             Was a Plaything of Xom.
             Killed from afar by a steam dragon (20 damage)
             ... with a ball of steam
             ... on level 8 of the Dungeon.
             The game lasted 00:24:10 (6835 turns).

PlayingRandomsOnly the Severer (Minotaur Gladiator) Turns: 6835, Time: 00:24:10

Health: -3/74      AC:  6    Str: 22    XL:     9   Next: 92%
Magic:  8/8        EV: 13    Int:  6    God:    Xom [.....*]
Gold:   491        SH:  0    Dex: 19    Spells: 8/8 levels left

rFire   . . .        a - +1 war axe
rCold   . . .        (no shield)
rNeg    . . .        F - +1 toga "Victory" {*Victory Int+1 Slay+1 Clar}
rPois   .            c - +0 hat
rElec   .            f - +0 cloak
rCorr   .            m - +1 pair of gloves
SInv    .            (no boots)
Will    ++...        (no amulet)
Stlth   ++           n - +6 ring of dexterity
HPRegen 0.32/turn    (no ring)
MPRegen 0.11/turn

%: clarity
@: no status effects
A: horns 2, retaliatory headbutt, strong-willed 2
a: Renounce Religion


You were on level 8 of the Dungeon.
You worshipped Xom.
You were Xom's teddy bear.
You visited 1 branch of the dungeon, and saw 8 of its levels.
You also visited: Sewer.

You collected 491 gold pieces.

Inventory:

Hand Weapons
 a - a +1 war axe (weapon)
Missiles
 d - 4 throwing nets
 e - 3 javelins
 s - 2 curare-tipped darts
 t - 18 poisoned darts
 u - 10 boomerangs (quivered)
Armour
 c - a +0 hat (worn)
 f - a +0 cloak (worn)
 m - a +1 pair of gloves (worn)
 q - a +3 chain mail of cold resistance
 F - the +1 toga "Victory" (worn) {*Victory Int+1 Slay+1 Clar}
   (You found it on level 7 of the Dungeon)

   *Victory:  When the wearer kills a threatening monster, it has a chance to
   gain +1 AC, +1 Slay, and +1 Int, capping at +7.
   When the wearer uses a scroll or a potion with a hostile monster in sight,
   its bonuses reset to +0.
   Unequipping it also resets its bonuses to +0.
   Int+1:     It affects your intelligence (+1).
   Slay+1:    It affects your accuracy & damage with ranged weapons and melee
   (+1).
   Clar:      It protects you from confusion, rage, mesmerisation and fear.
Jewellery
 n - a +6 ring of dexterity (left hand)
Wands
 w - a wand of digging (7)
 A - a wand of iceblast (4)
 E - a wand of flame (23)
Scrolls
 b - 3 scrolls of fear
 h - a scroll of summoning
 i - a scroll of torment
 k - 5 scrolls of teleportation
 l - 2 scrolls of vulnerability
 o - 4 scrolls of fog
 p - 2 scrolls of amnesia
 y - 3 scrolls of identify
 z - 4 scrolls of immolation
 G - a scroll of blinking
Potions
 g - a potion of cancellation
 j - a potion of ambrosia
 r - 2 potions of heal wounds
 v - 2 potions of brilliance
 x - 2 potions of curing
 B - 2 potions of invisibility
 C - a potion of might
 D - 2 potions of lignification
 H - a potion of resistance


   Skills:
 - Level 5.0 Fighting
 + Level 15.6 Axes
 - Level 2.0 Throwing
 - Level 5.0 Armour
 - Level 3.2 Dodging


You had 8 spell levels left.
You didn't know any spells.
Your spell library contained the following spells:

 Spells                   Type           Power      Damage    Failure   Level
 Ensorcelled Hibernation  Hex/Ice        0%         N/A       58%         2
 Gell's Gravitas          Tloc           0%         N/A       83%         3
 Passwall                 Erth           0%         N/A       83%         3
 Swiftness                Air            0%         N/A       83%         3
 Teleport Other           Tloc           0%         N/A       83%         3
 Volatile Blastmotes      Fire/Tloc      0%         2d10      83%         3
 Fulminant Prism          Conj/Alch      0%         3d5       99%         4
 Ignite Poison            Fire/Alch      0%         N/A       99%         4
 Iskenderun's Mystic Bla  Conj/Tloc      0%         2d3       99%         4
 Manifold Assault         Tloc           0%         N/A       99%         4
 Sticky Flame             Fire/Alch      0%         2d4       99%         4
 Dispersal                Tloc           0%         N/A       100%        6
 Disjunction              Tloc           0%         N/A       100%        8
 Ignition                 Fire           0%         3d3       100%        8


Dungeon Overview and Level Annotations

Branches:
Dungeon (8/15)             Temple (0/1) D:6           Sewer (visited)
   Lair: D:8-11

Altars:
Fedhas
Gozag
Hepliaklqana
Kikubaaqudgha
Makhleb
Okawaru
Qazlal
Trog
Xom


Innate Abilities, Weirdness & Mutations

You have a pair of horns on your head.
You reflexively headbutt those who attack you in melee.
You are highly strong-willed. (Will++)


Message History

The steam dragon is moderately wounded.
You are engulfed in a cloud of scalding steam.
You closely miss the steam dragon.
The steam dragon is moderately wounded.
You are engulfed in a cloud of scalding steam.
The steam dragon closely misses you.
The steam dragon claws you but does no damage.
You hit the steam dragon but do no damage.
The steam dragon is moderately wounded.
You are engulfed in a cloud of scalding steam.
The steam dragon breathes steam at you. The ball of steam hits you!!
* * * LOW HITPOINT WARNING * * *
You barely miss the steam dragon. Your headbutt misses the steam dragon.
The steam dragon is moderately wounded.
The steam dragon bites you.
* * * LOW HITPOINT WARNING * * *
The steam dragon barely misses you.
The steam dragon bites you but does no damage.
The steam dragon closely misses you.
You hit the steam dragon but do no damage.
You headbutt the steam dragon, but do no damage.
The steam dragon is moderately wounded.
You hit the steam dragon.
The steam dragon is moderately wounded.
The steam dragon bites you but does no damage.
The steam dragon claws you but does no damage.
You closely miss the steam dragon. Your headbutt misses the steam dragon.
The steam dragon is moderately wounded.
The steam dragon breathes steam at you. The ball of steam hits you!!
* * * LOW HITPOINT WARNING * * *
The steam dragon completely misses you. The steam dragon barely misses you.
You hit the steam dragon. You headbutt the steam dragon.
The steam dragon is severely wounded.
You hit the steam dragon.
The steam dragon is almost dead.
The steam dragon breathes steam at you. The ball of steam hits you!!
You die...

....................>...........#
##.....#####.##.###..#..#........
##.....#####.##......#..#.#.##...
.......%...........#.#..#....#..#
############.##.##.#.#..#.#..#...
# ***#.##§##...#..#.#..#..# #
****.*#.##.###..#..#.#..#..# #
*,,,....##§###.............. #
*,,.......D@.#.....#.......# #
*,,#.##.##.#.#..#..#.#..#... **
*,,,,......#................
,******,#.##.#..###.......#..##.#
,,,,,,*,#,*#,#..# #..........##.#
,,,,,,*,*****#..# #..#..#....#*.#
,,,,,,*,* #..#*#..#.......###.
,,,,,,*,*****#..,,............#*,
,,,,,,*,,,,,,,,,,,...........##*,


You could see a steam dragon (catching breath).

Vanquished Creatures
  A two-headed ogre (D:7)
  A kobold demonologist (D:7)
  Jeremiah (D:6)
  Sigmund (D:3)
  2 black bears (D:6)
  2 sky beasts
  3 ogres
  3 centaurs (D:7)
  A kobold brigand (D:7)
  2 brain worms (Sewer)
  A gnoll sergeant (D:6)
  4 wights (D:7)
  2 howler monkeys (D:7)
  A crimson imp (D:5)
  A hound (D:7)
  6 orc priests
  A jelly (D:6)
  3 iguanas
  14 orc wizards
  A sleepcap (D:6)
  Terence (D:3)
  5 gnolls
  14 adders
  A river rat (Sewer)
  3 shadow imps
  3 dart slugs
  A ribbon worm (D:4)
  19 orcs
  5 ball pythons
  4 bats
  11 endoplasms
  5 giant cockroaches
  9 goblins
  3 hobgoblins
  7 jackals
  12 kobolds
  4 quokkas
  6 frilled lizards
  7 rats
171 creatures vanquished.

Vanquished Creatures (others)
  A wight (D:7)
1 creature vanquished.

Grand Total: 172 creatures vanquished

Notes
Turn   | Place    | Note
-------+----------+-------------------------------------------
     0 | D:1      | PlayingRandomsOnly the Minotaur Gladiator began the quest
                  | for the Orb.
     0 | D:1      | Reached XP level 1. HP: 18/18 MP: 0/0
    90 | D:1      | Reached skill level 4 in Axes
    90 | D:1      | Reached XP level 2. HP: 16/25 MP: 1/1
   397 | D:1      | Reached XP level 3. HP: 24/31 MP: 2/2
   571 | D:1      | Reached skill level 5 in Axes
  1535 | D:3      | Reached XP level 4. HP: 34/38 MP: 3/3
  1581 | D:3      | Noticed Sigmund
  1602 | D:3      | Killed Sigmund
  1603 | D:3      | Reached skill level 7 in Axes
  1603 | D:3      | Reached XP level 5. HP: 45/45 MP: 4/4
  1695 | D:3      | Found a faded altar of an unknown god.
  1806 | D:3      | Noticed Terence
  1818 | D:3      | Killed Terence
  1880 | D:3      | Reached skill level 8 in Axes
  1880 | D:3      | Reached XP level 6. HP: 51/51 MP: 5/5
  2367 | D:4      | Found a shimmering altar of Xom.
  2604 | D:4      | Found a glowing drain.
  2636 | Sewer    | Entered a sewer
  2766 | Sewer    | Reached skill level 1 in Armour
  2909 | Sewer    | Reached XP level 7. HP: 44/59 MP: 3/6
  3357 | D:4      | Found a blossoming altar of Fedhas.
  3360 | D:4      | Found an ancient bone altar of Kikubaaqudgha.
  3678 | D:4      | Became a worshipper of Xom the Chaotic
  3681 | D:5      | Entered Level 5 of the Dungeon
  3763 | D:5      | You fall into a shaft and drop 3 floors!
  3811 | D:7      | Noticed a kobold demonologist
  3816 | D:7      | XOM: potion effect (haste)
  3822 | D:7      | Noticed an orange demon
  3823 | D:7      | Killed a kobold demonologist
  3824 | D:7      | Reached skill level 5 in Fighting
  3824 | D:7      | Reached skill level 5 in Armour
  3824 | D:7      | Reached skill level 9 in Axes
  3873 | D:6      | Reached XP level 8. HP: 64/68 MP: 7/7
  3923 | D:6      | Reached skill level 10 in Axes
  4086 | D:6      | Found a staircase to the Ecumenical Temple.
  4263 | D:6      | XOM: noise
  4363 | D:6      | XOM: noise
  4476 | D:6      | XOM: cloud trail
  4611 | D:6      | Found an opulent altar of Gozag.
  4716 | D:6      | Noticed Jeremiah
  4732 | D:6      | Killed Jeremiah
  4733 | D:6      | Reached skill level 11 in Axes
  5187 | D:5      | Found a hazy altar of Hepliaklqana.
  5290 | D:5      | Found a bloodstained altar of Trog.
  5326 | D:5      | Reached skill level 12 in Axes
  5389 | D:5      | Found a stormy altar of Qazlal.
  5634 | D:5      | Found a burning altar of Makhleb.
  5697 | D:7      | Found an iron altar of Okawaru.
  5697 | D:7      | Found a runed translucent door.
  5703 | D:7      | Found the +0 toga "Victory" {*Victory Clar}
  5731 | D:7      | Noticed a two-headed ogre
  5738 | D:7      | XOM: enchant monster (good)
  5741 | D:7      | Killed a two-headed ogre
  5742 | D:7      | Reached skill level 13 in Axes
  5742 | D:7      | Reached XP level 9. HP: 62/74 MP: 8/8
  5893 | D:7      | Reached skill level 14 in Axes
  5924 | D:7      | XOM: chaos upgrade
  5928 | D:7      | XOM: enchant monster (good)
  6159 | D:7      | XOM: silly message
  6174 | D:7      | Reached skill level 15 in Axes
  6324 | D:7      | XOM: chaos upgrade
  6359 | D:7      | XOM: summons 2 friendly demons
  6364 | D:7      | XOM: summons friendly shadow imp
  6490 | D:7      | XOM: god gift: 2 javelins
  6623 | D:8      | XOM: give mutations
  6623 | D:8      | Gained mutation: You are strong-willed. (Will+) [Xom's
                  | grace]
  6623 | D:8      | Gained mutation: You are highly strong-willed. (Will++)
                  | [Xom's grace]
  6835 | D:8      | Killed from afar by a steam dragon

Illustrated notes

Levels and vault maps discovered:
D:1:      erik_arrival_blinker_ship, layout_basic, minmay_misc_feat_diagonals
D:2:      layout_loops_cross, minmay_misc_feat_four_crosses
D:3:      layout_loops_ring, hellmonk_ecumenical_altar_slurped_away,
          minmay_tree_intersection, minmay_ruptured, uniq_sigmund, uniq_terence
D:4:      layout_basic, general_overflow_altar,
          grunt_temple_overflow_growth_and_decay,
          mainiacjoe_sewer_entry_somewhere_in_here_1, nicolae_letterblocks
          [nicolae_letter_subblock, nicolae_letter_subblock,
          nicolae_letter_subblock, nicolae_letter_subblock,
          nicolae_letter_subblock, nicolae_letter_subblock,
          nicolae_letter_subblock, nicolae_letter_subblock,
          nicolae_letter_subblock, nicolae_letter_subblock,
          nicolae_letter_subblock, nicolae_letter_subblock,
          nicolae_letter_subblock, nicolae_letter_subblock,
          nicolae_letter_subblock, nicolae_letter_subblock,
          nicolae_letter_subblock, nicolae_letter_subblock,
          nicolae_letter_subblock, nicolae_letter_subblock,
          nicolae_letter_subblock, nicolae_letter_subblock,
          nicolae_letter_subblock, nicolae_letter_subblock,
          nicolae_letter_subblock]
D:5:      layout_loops_ring, nicolae_hepliaklqana_hazy_memory,
          grunt_qazlal_clouds, mainiacjoe_overflow_catwalk,
          makhleb_grotto_becter, kennysheep_potato
D:6:      layout_loops_corners, mainiacjoe_overflow_chevrons,
          minmay_temple_entry_wispy, uniq_jeremiah
D:7:      minmay_flawed_box, layout_rooms,
          nicolae_overflow_guarded_unrand_okawaru_victory
D:8:      layout_basic

Skill      XL: |  1  2  3  4  5  6  7  8  9 |
---------------+----------------------------+-----
Axes           | 4 5 7 8 9 13 15 | 15.6
Fighting       | 3 4 5 |  5.0
Armour         | 2 5 |  5.0
Throwing       | |  2.0
Dodging        | |  3.2

Action                     |  1- 3 |  4- 6 |  7- 9 || total
---------------------------+-------+-------+-------++-------
  Melee: War axe           |    75 |   114 |   210 ||   399
         Headbutt          |    11 |    12 |    44 ||    67
         Punch             |       |     2 |     4 ||     6
         Unarmed           |       |       |     4 ||     4
  Throw: Dart              |     2 |     3 |     5 ||    10
         Boomerang         |       |       |    15 ||    15
  Evoke: Wand              |       |       |     2 ||     2
    Use: Potion            |       |     6 |     5 ||    11
         Scroll            |       |     6 |     7 ||    13
   Stab: Sleeping          |     1 |       |       ||     1
         Paralysed         |       |       |     2 ||     2
 Armour: Leather armour    |    37 |       |       ||    37
         Scale mail        |    10 |    30 |       ||    40
         Skin              |       |    11 |     4 ||    15
         Chain mail        |       |    33 |   155 ||   188
         Robe              |       |       |    13 ||    13
  Dodge: Dodged            |    55 |    53 |   109 ||   217

Table legend: (Time is in decaauts)
 A = Elapsed time spent in this place.
 B = Non-inter-level travel time spent in this place.
 C = Inter-level travel time spent in this place.
 D = Time resting spent in this place.
 E = Time spent auto-exploring this place.
 F = Levels seen in this place.
 G = Mean time per level.
                   A        B        C        D        E       F      G
               +--------+--------+--------+--------+--------+-----+--------+
         Total |   6866 |   6599 |    267 |    601 |   4379 |   9 |  762.9 |
       Dungeon |   6422 |   6155 |    267 |    601 |   4168 |   8 |  802.8 |
         Sewer |    444 |    444 |      0 |      0 |    211 |   1 |  444.0 |
               +--------+--------+--------+--------+--------+-----+--------+

Top non-repeatable levels by time:
     D:6: 1227 daAuts
     D:4: 987 daAuts
     D:7: 912 daAuts
     D:3: 902 daAuts
     D:2: 738 daAuts
     D:1: 705 daAuts
     D:5: 666 daAuts
   Sewer: 444 daAuts
     D:8: 282 daAuts
